 Dungeon Crawl Stone Soup version 0.31-a0-164-g2312942fda (console) character file.

Game seed: 11774141370319530977

10545 jejorda2 the Basher (level 11, 0/133 HPs)
             Began as a Gnoll Berserker on June 13, 2023.
             Was a Believer of Trog.
             Slain by a culicivora (14 damage)
             ... on level 2 of the Lair of Beasts.
             The game lasted 00:30:49 (10570 turns).

jejorda2 the Basher (Gnoll Berserker)              Turns: 10570, Time: 00:30:50

Health: 0/133      AC: 18    Str: 20    XL:     11   Next: 63%
Magic:  21/21      EV: 13    Int:  7    God:    Trog [**....]
Gold:   473        SH:  9    Dex: 12    Spells: 23/23 levels left

rFire   + . .        a - +0 morningstar
rCold   + . .        r - +0 kite shield
rNeg    . . .        q - +0 swamp dragon scales
rPois   +            p - +0 hat
rElec   .            F - scarf {rC+ rF+}
rCorr   +            H - +1 Delatra's gloves {ID++}
SInv    .            i - +1 pair of boots
Will    .....        C - amulet of faith Stlth
                     A - +4 ring of protection
HPRegen 0.42/turn    G - ring of resist corrosion
MPRegen 0.17/turn

%: faith
@: berserking (expiring), very quick
A: fangs 1, strong nose, distributed training
a: Renounce Religion, Berserk, Trog's Hand


You were on level 2 of the Lair of Beasts.
You worshipped Trog.
Trog was pleased with you.
You visited 2 branches of the dungeon, and saw 11 of its levels.
You also visited: Sewer.

You collected 618 gold pieces.
You spent 145 gold pieces at shops.

Inventory:

Hand Weapons
 a - a +0 morningstar (weapon)
 J - a +4 trident
Missiles
 b - 14 boomerangs
 g - 83 stones
 k - 6 javelins
 m - 26 poisoned darts (quivered)
 t - a curare-tipped dart
 I - 2 throwing nets
 L - 2 silver javelins
 N - 4 atropa-tipped darts
Armour
 i - a +1 pair of boots (worn)
 p - a +0 hat (worn)
 q - +0 swamp dragon scales (worn)
 r - a +0 kite shield (worn)
 F - a scarf of resistance (worn)
 H - the +1 Delatra's gloves (worn) {ID++}
   (You found it on level 7 of the Dungeon)

   ID++:      It heals its wearer when they drink unknown potions, and restores
   their MP when they read unknown scrolls.
Jewellery
 f - a ring of ice
 o - a ring of protection from cold
 A - a +4 ring of protection (left hand)
 C - an amulet of faith (around neck)
 G - a ring of resist corrosion (right hand)
Wands
 j - a wand of polymorph (3)
 v - a wand of flame (15)
 x - a wand of mindburst (18)
 y - a wand of roots (2)
Scrolls
 d - a scroll of fog
 s - a scroll of enchant armour
 B - a scroll of fear
 E - 4 scrolls of teleportation
 M - 3 scrolls of blinking
Potions
 c - 3 potions of heal wounds
 e - 2 potions of curing
 h - 3 potions of mutation
 l - a potion of cancellation
 n - a potion of attraction
 u - a potion of berserk rage
 w - a potion of haste {unknown}
 z - a potion of enlightenment
 D - 2 potions of resistance
Miscellaneous
 K - a tin of tremorstones (2/2)


   Skills:
 + Level 9.5 Fighting
 + Level 6.7 Short Blades
 + Level 6.7 Long Blades
 + Level 6.7 Axes
 + Level 9.5 Maces & Flails
 + Level 6.7 Polearms
 + Level 6.7 Staves
 + Level 6.7 Ranged Weapons
 + Level 6.7 Throwing
 + Level 8.2 Armour
 + Level 8.2 Dodging
 + Level 6.7 Stealth
 + Level 6.7 Shields
 + Level 6.7 Unarmed Combat
 + Level 6.7 Spellcasting
 + Level 5.5 Conjurations
 + Level 5.5 Hexes
 + Level 5.5 Summonings
 + Level 5.5 Necromancy
 + Level 5.5 Translocations
 + Level 5.5 Transmutations
 + Level 5.5 Fire Magic
 + Level 5.5 Ice Magic
 + Level 5.5 Air Magic
 + Level 5.5 Earth Magic
 + Level 5.5 Poison Magic
 + Level 7.4 Invocations
 + Level 6.7 Evocations


You had 23 spell levels left.
You didn't know any spells.
Your spell library was empty.

Dungeon Overview and Level Annotations

Branches:
Dungeon (9/15)             Temple (0/1) D:6            Lair (2/5) D:9
 Spider (0/4) Lair:2          Orc (0/2) D:9           Sewer (visited)
  Swamp: Lair:2-3    Shoals: Lair:2-3

Altars:
Fedhas
Makhleb
Nemelex Xobeh
Sif Muna
Uskayaw
Xom
Zin
The Shining One

Shops:
D:5 =   D:7 ::?


Innate Abilities, Weirdness & Mutations

You have very sharp teeth.
Your uncanny sense of smell can sniff out nearby items.
Your experience applies equally to all skills.


Message History

The culicivora is lightly wounded.
The culicivora barely misses you.
The culicivora's wounds heal themselves!
The culicivora bites you but does no damage.
You barely miss the culicivora. The culicivora barely misses you.
The culicivora misses you. The culicivora closely misses you.
You closely miss the culicivora. The culicivora bites you.
* * * LOW HITPOINT WARNING * * *
The culicivora draws strength from your injuries!
The culicivora misses you.
You barely miss the culicivora.
The culicivora bites you but does no damage.
You block the culicivora's attack.
You closely miss the culicivora. The culicivora bites you.
* * * LOW HITPOINT WARNING * * *
The culicivora draws strength from your injuries!
The culicivora misses you.
You closely miss the culicivora.
The culicivora bites you but does no damage.
You block the culicivora's attack.
You hit the culicivora.
The culicivora is lightly wounded.
The culicivora bites you but does no damage.
The culicivora bites you.
* * * LOW HITPOINT WARNING * * *
The culicivora draws strength from your injuries!
You miss the culicivora.
The culicivora is lightly wounded.
The culicivora bites you!
* * * LOW HITPOINT WARNING * * *
The culicivora draws strength from your injuries!
The culicivora misses you.
You barely miss the culicivora. The culicivora bites you.
* * * LOW HITPOINT WARNING * * *
The culicivora draws strength from your injuries!
You block the culicivora's attack.
You miss the culicivora. You bite the culicivora.
The culicivora is lightly wounded.
You block the culicivora's attack. The culicivora bites you!
You die...

## ##.# ...∆
####.##...>..
.........#.. ∆
.........#.#
...........#
...........## .
............### ...
.......<.....s#.....
............@s......
...#P##.##....###†##
. # #.###....# #.#
#...## ..# #...# ..#
....# .... ..... .##
#..$.##


You could see 2 culicivoras.

Vanquished Creatures
  Gastronok (D:8)
  Harold (D:9)
  Pikel (D:6)
  3 elephants (Lair:1)
  Maggie (D:8)
  2 trolls (D:9)
  A polar bear (Lair:1)
  A vampire (D:9)
  4 yaks (Lair:1)
  The ghost of uvd540 the Chopper, an amateur MiBe of Trog (D:5)
  Eustachio (D:5)
  A basilisk (Lair:1)
  A steam dragon (D:8)
  2 wargs (D:9)
  Menkaure (D:7)
  A water moccasin (D:9)
  Pargi (Sewer)
  3 black bears
  2 ice beasts
  4 orc warriors
  7 ogres
  4 centaurs
  2 phantoms (D:5)
  5 kobold brigands (D:9)
  4 bullfrogs
  4 gnoll sergeants (D:9)
  5 scorpions
  6 killer bees (D:9)
  2 electric eels
  4 howler monkeys
  A gnoll bouda (D:4)
  A jelly (D:7)
  9 orc priests
  A hound (D:5)
  4 iguanas
  2 sleepcaps
  Crazy Yiuf (D:2)
  Terence (D:2)
  Natasha (thrice) (D:3)
  7 orc wizards
  4 gnolls
  3 river rats (D:4)
  9 adders
  2 shadow imps
  2 white imps
  An ufetubus (D:5)
  4 worms
  3 dart slugs
  58 orcs
  4 endoplasms
  3 giant cockroaches
  5 goblins
  9 hobgoblins
  15 jackals
  3 quokkas
  7 ball pythons
  10 bats
  9 frilled lizards
  21 kobolds
  9 rats
287 creatures vanquished.

Vanquished Creatures (collateral kills)
  A jackal (D:4)
1 creature vanquished.

Grand Total: 288 creatures vanquished

Notes
Turn   | Place    | Note
-------+----------+-------------------------------------------
     0 | D:1      | jejorda2 the Gnoll Berserker began the quest for the Orb.
     0 | D:1      | Reached XP level 1. HP: 23/23 MP: 1/1
   107 | D:1      | Reached XP level 2. HP: 29/29 MP: 2/2
   234 | D:1      | Reached XP level 3. HP: 31/35 MP: 3/3
   600 | D:1      | You fall into a shaft and drop 1 floor!
   655 | D:1      | Reached skill level 1 in Invocations
   705 | D:1      | Reached ** piety under Trog
   965 | D:2      | Reached skill level 1 in Short Blades
   965 | D:2      | Reached skill level 1 in Long Blades
   965 | D:2      | Reached skill level 1 in Axes
   965 | D:2      | Reached skill level 1 in Polearms
   965 | D:2      | Reached skill level 1 in Staves
   965 | D:2      | Reached skill level 1 in Ranged Weapons
   965 | D:2      | Reached skill level 1 in Throwing
   965 | D:2      | Reached skill level 1 in Stealth
   965 | D:2      | Reached skill level 1 in Shields
   965 | D:2      | Reached skill level 1 in Unarmed Combat
   965 | D:2      | Reached skill level 1 in Spellcasting
   965 | D:2      | Reached skill level 1 in Evocations
  1044 | D:2      | Reached XP level 4. HP: 41/41 MP: 5/5
  1160 | D:2      | Found a faded altar of an unknown god.
  1195 | D:2      | Reached skill level 1 in Conjurations
  1195 | D:2      | Reached skill level 1 in Hexes
  1195 | D:2      | Reached skill level 1 in Summonings
  1195 | D:2      | Reached skill level 1 in Necromancy
  1195 | D:2      | Reached skill level 1 in Translocations
  1195 | D:2      | Reached skill level 1 in Transmutations
  1195 | D:2      | Reached skill level 1 in Fire Magic
  1195 | D:2      | Reached skill level 1 in Ice Magic
  1195 | D:2      | Reached skill level 1 in Air Magic
  1195 | D:2      | Reached skill level 1 in Earth Magic
  1195 | D:2      | Reached skill level 1 in Poison Magic
  1358 | D:2      | Noticed Terence
  1368 | D:2      | Killed Terence
  1451 | D:2      | Found a runed translucent door.
  1452 | D:2      | Noticed Crazy Yiuf
  1459 | D:2      | Killed Crazy Yiuf
  1460 | D:2      | Reached XP level 5. HP: 47/47 MP: 7/7
  1671 | D:3      | Noticed Natasha
  1682 | D:3      | Killed Natasha
  1739 | D:3      | Noticed Natasha
  1746 | D:3      | Killed Natasha
  1789 | D:3      | Found a glowing silver altar of Zin.
  1835 | D:3      | Reached XP level 6. HP: 19/53 MP: 8/8
  1836 | D:3      | Reached skill level 5 in Armour
  1836 | D:3      | Reached skill level 5 in Dodging
  1981 | D:3      | Noticed Natasha
  1990 | D:3      | Killed Natasha
  2029 | D:3      | Found the Hermit's Pendant {Faith Invo=14 Evo=0 MP+5}
  2035 | D:3      | Found a shimmering blue altar of Sif Muna.
  2117 | D:3      | Found a blossoming altar of Fedhas.
  2131 | D:3      | Reached *** piety under Trog
  2521 | D:4      | Reached XP level 7. HP: 60/60 MP: 17/17
  2773 | D:4      | Found a glowing drain.
  2781 | Sewer    | Entered a sewer
  2802 | Sewer    | Noticed Pargi
  2809 | Sewer    | Killed Pargi
  2996 | D:4      | Reached XP level 8. HP: 40/67 MP: 18/18
  3572 | D:5      | Entered Level 5 of the Dungeon
  3595 | D:5      | Noticed Eustachio
  3596 | D:5      | Reached **** piety under Trog
  3613 | D:5      | Killed Eustachio
  3907 | D:5      | Reached XP level 9. HP: 73/73 MP: 19/19
  4008 | D:5      | Found Deeveib's Jewellery Shoppe.
  4082 | D:5      | Found a runed translucent gate.
  4082 | D:5      | Noticed uvd540's ghost (amateur MiBe)
  4083 | D:5      | Found a runed translucent gate.
  4084 | D:5      | Found a runed translucent gate.
  4235 | D:5      | Found a burning altar of Makhleb.
  4382 | D:5      | Killed uvd540's ghost
  4853 | D:6      | Noticed Pikel
  4864 | D:6      | Killed Pikel
  4865 | D:6      | Reached skill level 5 in Invocations
  5045 | D:6      | Found a hide-covered altar of Uskayaw.
  5057 | D:6      | Reached ***** piety under Trog
  5302 | D:6      | Found a staircase to the Ecumenical Temple.
  5561 | D:7      | Found Ulamp's Book Shop.
  5561 | D:7      | Found Ycruabau's Book Shop.
  5561 | D:7      | Found Iluqiamouz's Magic Scroll Shop.
  5808 | D:7      | Found a sparkling altar of Nemelex Xobeh.
  5824 | D:7      | Found the +1 Delatra's gloves {ID++}
  6105 | D:7      | Noticed Menkaure
  6116 | D:7      | Killed Menkaure
  6130 | D:7      | Identified the +2 falchion "Dragon's Demise" {vamp, rElec
                  | rF+}
  6279 | D:8      | Reached skill level 5 in Short Blades
  6279 | D:8      | Reached skill level 5 in Long Blades
  6279 | D:8      | Reached skill level 5 in Axes
  6279 | D:8      | Reached skill level 5 in Polearms
  6279 | D:8      | Reached skill level 5 in Staves
  6279 | D:8      | Reached skill level 5 in Ranged Weapons
  6279 | D:8      | Reached skill level 5 in Throwing
  6279 | D:8      | Reached skill level 5 in Stealth
  6279 | D:8      | Reached skill level 5 in Shields
  6279 | D:8      | Reached skill level 5 in Unarmed Combat
  6279 | D:8      | Reached skill level 5 in Spellcasting
  6279 | D:8      | Reached skill level 5 in Evocations
  6279 | D:8      | Reached XP level 10. HP: 81/81 MP: 20/20
  6292 | D:7      | Bought a scroll of immolation for 40 gold pieces
  6292 | D:7      | Bought a scroll of teleportation for 30 gold pieces
  6292 | D:7      | Bought a scroll of blinking for 75 gold pieces
  6334 | D:8      | Noticed Maggie
  6405 | D:8      | Noticed Gastronok
  6408 | D:8      | Killed Maggie
  6408 | D:8      | Identified the +9 great mace of Maronao {flame, *Rage rN+
                  | Dex+3} (Trog gifted it to you on level 8 of the Dungeon)
  6408 | D:8      | Received a gift from Trog
  6460 | D:8      | Killed Gastronok
  6811 | D:8      | Found a glowing golden altar of the Shining One.
  7206 | D:9      | HP: 3/123 [something (10)]
  7208 | D:9      | HP: 1/123 [something (3)]
  7462 | D:9      | Found a staircase to the Orcish Mines.
  7468 | D:9      | Reached skill level 5 in Conjurations
  7468 | D:9      | Reached skill level 5 in Hexes
  7468 | D:9      | Reached skill level 5 in Summonings
  7468 | D:9      | Reached skill level 5 in Necromancy
  7468 | D:9      | Reached skill level 5 in Translocations
  7468 | D:9      | Reached skill level 5 in Transmutations
  7468 | D:9      | Reached skill level 5 in Fire Magic
  7468 | D:9      | Reached skill level 5 in Ice Magic
  7468 | D:9      | Reached skill level 5 in Air Magic
  7468 | D:9      | Reached skill level 5 in Earth Magic
  7468 | D:9      | Reached skill level 5 in Poison Magic
  7483 | D:9      | Reached XP level 11. HP: 35/89 MP: 20/20
  7736 | D:9      | Noticed Harold
  7755 | D:9      | Killed Harold
  8186 | D:9      | Found a staircase to the Lair.
  8916 | Lair:1   | Entered Level 1 of the Lair of Beasts
  9670 | Lair:1   | Found a shimmering altar of Xom.
 10542 | Lair:2   | Found a hole to the Spider Nest.
 10570 | Lair:2   | Slain by a culicivora

Illustrated notes

Levels and vault maps discovered:
D:1:      amcnicky_arrival_feature_with_door, layout_loops_ring, st_stairs_4
D:2:      layout_loops_cross, chequers_ecumenical_altar_simple,
          uniq_crazy_yiuf_cottage, uniq_terence
D:3:      layout_rooms, grunt_temple_overflow_open, mainiacjoe_overflow_paths,
          serial_park_tiny_2, uniq_natasha
D:4:      layout_basic, gup_sewer_entry_spiral
D:5:      layout_rooms, lightli_temple_of_fire, serial_shops, shop,
          biasface_ghost_orc_armoury, minivault_14, uniq_eustachio
D:6:      layout_basic, nicolae_uskayaw_dance_hall, temple_hall, uniq_pikel
D:7:      layout_layer_cave, mainiacjoe_overflow_cross_hatched,
          corexii_leaking_fountain, nicolae_shop_distant_corner_stores,
          uniq_menkaure
D:8:      layout_rooms, mainiacjoe_overflow_chevrons, uniq_gastronok,
          uniq_maggie
D:9:      layout_basic, erik_lair_orcish_takeover,
          kennysheep_orc_monster_closet_entryway, minmay_variable_closet,
          nrook_pool_corridor, uniq_harold
Lair:1:   layout_small_grid, basic_altar, serial_bayou, serial_bayou_lake_a,
          serial_bayou_pond_d, serial_bayou_pond_d, serial_bayou_lagoon_b
Lair:2:   layout_regular_city, minmay_shoals_entry_centaurs,
          hellmonk_spider_entry_life_and_decay, grunt_megastairs_2

Skill      XL: |  1  2  3  4  5  6  7  8  9 10 11 |
---------------+----------------------------------+-----
Invocations    | 1 2 3 4 5 6 7 |  7.4
Short Blades   | 1 2 3 5 6 |  6.7
Long Blades    | 1 2 3 5 6 |  6.7
Axes           | 1 2 3 5 6 |  6.7
Polearms       | 1 2 3 5 6 |  6.7
Staves         | 1 2 3 5 6 |  6.7
Ranged Weapons | 1 2 3 5 6 |  6.7
Throwing       | 1 2 3 5 6 |  6.7
Stealth        | 1 2 3 5 6 |  6.7
Shields        | 1 2 3 5 6 |  6.7
Unarmed Combat | 1 2 3 5 6 |  6.7
Spellcasting   | 1 2 3 5 6 |  6.7
Evocations     | 1 2 3 5 6 |  6.7
Conjurations   | 1 2 3 4 5 |  5.5
Hexes          | 1 2 3 4 5 |  5.5
Summonings     | 1 2 3 4 5 |  5.5
Necromancy     | 1 2 3 4 5 |  5.5
Translocations | 1 2 3 4 5 |  5.5
Transmutations | 1 2 3 4 5 |  5.5
Fire Magic     | 1 2 3 4 5 |  5.5
Ice Magic      | 1 2 3 4 5 |  5.5
Air Magic      | 1 2 3 4 5 |  5.5
Earth Magic    | 1 2 3 4 5 |  5.5
Poison Magic   | 1 2 3 4 5 |  5.5
Armour         | 5 6 7 8 |  8.2
Dodging        | 5 6 7 8 |  8.2
Fighting       | 7 8 9 |  9.5
Maces & Flails | 7 8 9 |  9.5

Action                     |  1- 3 |  4- 6 |  7- 9 | 10-12 || total
---------------------------+-------+-------+-------+-------++-------
  Melee: Mace              |    72 |       |       |       ||    72
         Bite              |    13 |    15 |    51 |    47 ||   126
         Dagger            |    51 |   102 |       |       ||   153
         Punch             |       |     4 |     4 |       ||     8
         Whip              |       |    52 |   481 |    51 ||   584
         Morningstar       |       |       |       |   311 ||   311
  Throw: Stone             |       |       |       |     4 ||     4
         Dart              |       |       |       |     3 ||     3
 Invoke: Berserk           |     2 |     4 |     9 |    12 ||    27
         Trog's Hand       |       |     3 |     2 |     7 ||    12
  Evoke: Wand              |       |       |       |     1 ||     1
    Use: Scroll            |       |     6 |     5 |    11 ||    22
         Potion            |       |       |     1 |       ||     1
   Stab: Sleeping          |     2 |       |     1 |     4 ||     7
 Armour: Animal skin       |    26 |     1 |       |       ||    27
         Ring mail         |       |    13 |       |       ||    13
         Chain mail        |       |    48 |   110 |       ||   158
         Scale mail        |       |       |    62 |    22 ||    84
         Swamp dragon scal |       |       |       |   152 ||   152
  Dodge: Dodged            |    79 |    83 |   141 |   197 ||   500
  Block: Kite shield       |       |       |    74 |   162 ||   236

Table legend: (Time is in decaauts)
 A = Elapsed time spent in this place.
 B = Non-inter-level travel time spent in this place.
 C = Inter-level travel time spent in this place.
 D = Time resting spent in this place.
 E = Time spent auto-exploring this place.
 F = Levels seen in this place.
 G = Mean time per level.
                   A        B        C        D        E       F      G
               +--------+--------+--------+--------+--------+-----+--------+
         Total |  10766 |  10292 |    474 |   1012 |   6748 |  12 |  897.2 |
       Dungeon |   8953 |   8515 |    438 |    912 |   5375 |   9 |  994.8 |
          Lair |   1730 |   1695 |     35 |    100 |   1361 |   2 |  865.0 |
         Sewer |     82 |     82 |      0 |      0 |     11 |   1 |   82.0 |
               +--------+--------+--------+--------+--------+-----+--------+

Top non-repeatable levels by time:
     D:9: 1842 daAuts
  Lair:1: 1703 daAuts
     D:4: 1222 daAuts
     D:6: 1031 daAuts
     D:7: 1010 daAuts
     D:5: 930 daAuts
     D:1: 892 daAuts
     D:2: 851 daAuts
     D:3: 644 daAuts
     D:8: 527 daAuts
   Sewer: 82 daAuts
  Lair:2: 27 daAuts
